[Event "Team 45 45 League T73"]
[Site "Internet Chess Club"]
[Date "2017.07.08"]
[Round "4"]
[White "cadmiumorange"]
[Black "Agarnez"]
[Result "1/2-1/2"]
[WhiteElo "1825"]
[BlackElo "1908"]
[Opening "French: King's Indian attack"]
[ECO "C00"]
[Time "09:12:16"]
[TimeControl "2700+45"]

1. e4 e6 2. d3 d5 3. Nd2 e5 4. Ngf3 Nc6 5. Be2 Nf6 6. O-O Bc5 7. c3 Bb6 8. exd5
Nxd5 9. Nc4 f6 10. Nxb6 Nxb6 11. Be3 O-O 12. Bc5 Re8 13. d4 e4 14. Ne1 f5 15.
Qd2 Nd7 16. Ba3 Nde5 17. Qc1 Ng6 18. f4 exf3 19. Bxf3 Be6 20. Nc2 Bc4 21. Re1 f4
22. b3 Bd3 23. Qd2 Bxc2 24. Qxc2 Qh4 25. Qf2 Qg5 26. Bxc6 bxc6 27. Qf3 Qf6 28.
Re4 Re6 29. Rae1 Rae8 30. Rxe6 Rxe6 31. Rxe6 Qxe6 32. Kf2 Qf5 33. Qe2 h5 34. Bc5
a5 35. c4 Nh4 36. Be7 Ng6 37. Bc5 Qg5 38. Qe4 Qh4+ 39. Kg1 Qg4 40. Qf3 Qxf3 41.
gxf3 Nh4 42. Kf2 Kf7 43. a4 Nf5 44. b4 axb4 45. Bxb4 Ke6 46. a5 Kd7 47. Bc3 g5
48. Ke2 g4 49. fxg4 hxg4 50. d5 cxd5 51. cxd5 Ne7 52. a6 Kc8 53. Bd4 Nxd5 54.
Kf2 Nb4 55. a7 Kb7 56. Kg2 Nc6 57. Bc5 Nxa7 58. h4 gxh3+ 59. Kxh3 Nb5 60. Kg4
Kc6 61. Bf2 Kd5 62. Kxf4 Nc3 63. Be1 Kd4 64. Kf5 Nd1 65. Ba5 c6 66. Ke6 Kc4 67.
Kd6 Kb5 68. Be1 c5 69. Kd5 Ne3+ 70. Ke4 Nc2 71. Bc3 c4 72. Kf3 Ka4 73. Ke2 Kb3
74. Bg7 Nb4 {Game drawn by mutual agreement} 1/2-1/2

[Event "Team 45 45 League T73"]
[Site "Internet Chess Club"]
[Date "2017.07.06"]
[Round "4"]
[White "justice02"]
[Black "ChessRooklift"]
[Result "0-1"]
[WhiteElo "1667"]
[BlackElo "1742"]
[Opening "KP: Nimzovich defense"]
[ECO "B00"]
[Time "19:01:18"]
[TimeControl "2700+45"]

1. e4 Nc6 2. Bb5 Nd4 3. Bc4 b5 4. c3 bxc4 5. cxd4 Bb7 6. Nc3 e6 7. Nf3 Nf6 8.
Qe2 c5 9. O-O cxd4 10. Nxd4 Bc5 11. Qxc4 Rc8 12. Qd3 O-O 13. h3 Ba6 14. Qxa6
Bxd4 15. Qe2 d6 16. Kh1 Qb6 17. f4 Qb7 18. Re1 Rc5 19. a4 a6 20. Qd3 Bxc3 21.
dxc3 d5 22. exd5 Rxd5 23. Qf3 Qd7 24. Be3 Rd8 25. Bd4 Ne8 26. Re5 Qc8 27. Rae1
Qc4 28. R5e4 Nd6 29. Qg4 Nf5 30. Bxg7 h5 31. Qg5 Qxe4 32. Rxe4 Rd1+ 33. Kh2 Nxg7
34. b4 R8d5 35. Qe7 Nf5 36. Qb7 h4 37. Qxa6 Ng3 38. Rd4 Rh1# {White checkmated}
0-1

[Event "Team 45 45 League T73"]
[Site "Internet Chess Club"]
[Date "2017.07.10"]
[Round "4"]
[White "cityprosecutor"]
[Black "QuieroAprender"]
[Result "1-0"]
[WhiteElo "1696"]
[BlackElo "1616"]
[Opening "Scotch: Göring gambit"]
[ECO "C44"]
[Time "17:12:44"]
[TimeControl "2700+45"]

1. e4 e5 2. Nf3 Nc6 3. d4 exd4 4. c3 dxc3 5. Bc4 cxb2 6. Bxb2 h6 7. O-O d6 8.
Re1 Be6 9. Bb5 Qd7 10. e5 d5 11. Nd4 a6 12. Ba4 b5 13. Bc2 Nxd4 14. Qxd4 c5 15.
Qh4 Ne7 16. Nc3 d4 17. Ne4 Nd5 18. Rad1 Be7 19. Qg3 O-O-O 20. Qa3 Qc6 21. Rc1 c4
22. Nd6+ Bxd6 23. exd6 c3 24. Be4 Qxd6 25. Qa5 Kb7 26. Ba3 Qb6 27. Qb4 Ka7 28.
Bxd5 Rxd5 29. Qe7+ Rd7 30. Qc5 Rhd8 31. Qe5 Rc7 32. Red1 b4 33. Bxb4 Rd5 34. Qg3
Rg5 35. Qf4 Rc4 36. Be7 Rg4 37. Qe5 f6 38. Qe2 Bd5 39. Qxg4 {Black resigns} 1-0

[Event "Team 45 45 League T73"]
[Site "Internet Chess Club"]
[Date "2017.07.08"]
[Round "4"]
[White "JasonModer"]
[Black "fledermaus"]
[Result "1-0"]
[WhiteElo "2026"]
[BlackElo "1862"]
[Opening "QGD: exchange, positional line"]
[ECO "D35"]
[Time "14:31:46"]
[TimeControl "2700+45"]

1. d4 d5 2. c4 e6 3. Nc3 Nf6 4. cxd5 exd5 5. Bg5 Be7 6. e3 c6 7. Qc2 Nbd7 8. Bd3
Nh5 9. Bxe7 Qxe7 10. O-O-O Nb6 11. h3 Be6 12. g4 Nf6 13. Nge2 O-O-O 14. Kb1 Kb8
15. Rc1 h5 16. g5 Ne8 17. h4 Nd6 18. Na4 Nxa4 19. Qxa4 Bf5 20. Bxf5 Nxf5 21. Nc3
Nd6 22. Qb4 Rhe8 23. Na4 Ne4 24. Qe1 g6 25. Qe2 f6 26. gxf6 Qxf6 27. f3 Ng3 28.
Qh2 Qd6 29. Rhe1 Nf5 30. Qf2 Qf6 31. Nc5 Nxh4 32. Rf1 Nf5 33. Rfe1 Re7 34. Nd3
Nd6 35. Rc2 Nc4 36. Rce2 Rf8 37. b3 Na3+ 38. Kb2 Nb5 39. Qg3+ Qd6 40. Ne5 Qa3+
41. Ka1 Ka8 42. Qxg6 Qb4 43. Qd3 Qc3+ 44. Qxc3 Nxc3 45. Rc2 Nb5 46. Ng6 Nxd4 47.
Rb2 Rfe8 48. Nxe7 Rxe7 49. Rg1 {Black resigns} 1-0

[Event "Team 45 45 League T73"]
[Site "Internet Chess Club"]
[Date "2017.07.06"]
[Round "4"]
[White "jonesey"]
[Black "anna"]
[Result "0-1"]
[WhiteElo "1900"]
[BlackElo "1858"]
[Opening "Ruy Lopez: closed"]
[ECO "C90"]
[Time "18:03:11"]
[TimeControl "2700+45"]

1. e4 e5 2. Nf3 Nc6 3. Bb5 a6 4. Ba4 Nf6 5. O-O Be7 6. Re1 b5 7. Bb3 d6 8. c3
Bg4 9. h3 Bh5 10. g4 Bg6 11. d4 h6 12. Nbd2 O-O 13. Nf1 Re8 14. Ng3 exd4 15.
cxd4 d5 16. exd5 Nxd5 17. Ne5 Nxe5 18. Rxe5 c6 19. Bxd5 cxd5 20. Qf3 Bf6 21.
Rxd5 Re1+ 22. Kg2 Qe8 23. b3 Rc8 24. Bb2 Rxa1 25. Bxa1 Qe1 26. Bb2 Rc2 27. Ba3
b4 28. Rc5 bxa3 29. Qa8+ Kh7 30. Rxc2 Bxc2 31. Qd5 Qb1 32. b4 Bb3 33. axb3 a2
34. Ne4 a1=Q 35. Qf5+ Kh8 36. Qc8+ Bd8 37. Qxd8+ Kh7 38. Qd5 Qh1+ 39. Kg3 Qag1+
40. Kf4 Qgh2+ 41. Ke3 Qe1+ 42. Kf3 Qxh3+ 43. Kf4 Qc1+ 44. Ke5 Qc7+ 45. Nd6 Qh2+
46. f4 Qe7+ {White resigns} 0-1

[Event "Team 45 45 League T73"]
[Site "Internet Chess Club"]
[Date "2017.07.07"]
[Round "4"]
[White "vjbaker"]
[Black "LazyPeon"]
[Result "0-1"]
[WhiteElo "1821"]
[BlackElo "1664"]
[Opening "Sicilian, Szén (`anti-Taimanov') variation"]
[ECO "B44"]
[Time "14:01:24"]
[TimeControl "2700+45"]

1. e4 c5 2. Nf3 e6 3. d4 cxd4 4. Nxd4 Nc6 5. Nb5 d6 6. Bf4 e5 7. Be3 Nf6 8. Bg5
Be6 9. N1c3 a6 10. Na3 Be7 11. Nc4 d5 12. Bxf6 dxc4 13. Bxe7 Qxe7 14. Nd5 Bxd5
15. exd5 Rd8 16. c3 b5 17. a4 Qc5 18. axb5 axb5 19. Qg4 Qxd5 20. Be2 Qd2+ 21.
Kf1 O-O 22. g3 Qxb2 23. Kg2 Qxc3 24. Rab1 Nd4 25. Rhc1 Qd2 26. Bf1 f5 27. Qh5 f4
28. Qxe5 fxg3 29. Qxg3 Rf3 30. Qh4 Rdf8 31. Rd1 Rxf2+ 32. Kh1 Qf4 33. Qh3 c3 34.
Rbc1 c2 35. Re1 Nf3 36. Bg2 Nxe1 37. Bd5+ Kh8 38. Rxe1 c1=Q 39. Rg1 Qxg1+ 40.
Kxg1 Qc1+ {White resigns} 0-1

[Event "Team 45 45 League T73"]
[Site "Internet Chess Club"]
[Date "2017.07.07"]
[Round "4"]
[White "LookImYourVader"]
[Black "Littlemon"]
[Result "1/2-1/2"]
[WhiteElo "1734"]
[BlackElo "1595"]
[Opening "Scotch gambit: Benima defense"]
[ECO "C44"]
[Time "14:01:08"]
[TimeControl "2700+45"]

1. e4 e5 2. Nf3 Nc6 3. d4 exd4 4. Bc4 Be7 5. c3 dxc3 6. Qd5 Nh6 7. Bxh6 O-O 8.
Nxc3 Nb4 9. Qd2 gxh6 10. a3 Nc6 11. Qxh6 Bf6 12. Nd5 Bg7 13. Qh5 d6 14. O-O-O
Be6 15. Qg5 Bxd5 16. Qxd8 Rfxd8 17. Bxd5 Ne5 18. Nxe5 Bxe5 19. Kc2 Rf8 20. Rd3
Kg7 21. Bxb7 Rab8 22. Rb3 f5 23. exf5 Rxf5 24. f3 Rh5 25. g4 Rxh2+ 26. Rxh2 Bxh2
27. Bc6 Rxb3 28. Kxb3 Be5 29. Kc2 a5 30. b4 axb4 31. axb4 Bd4 32. Kd3 Bf2 33.
Ke4 Kf6 34. b5 h6 35. Kd5 Kg5 36. Ke6 Kf4 37. Kf7 Ke5 38. Ke7 d5 39. Kf7 d4 40.
Be4 Be3 41. Ke7 Bf4 42. Kd7 Kf6 43. Kc6 Ke6 44. Bf5+ Ke7 45. Kd5 Be3 46. Ke5 Kd8
47. Bd3 Kc8 48. Be4 Kb8 49. Kf5 Ka7 50. f4 Kb6 51. g5 hxg5 52. fxg5 Kxb5 53.
Bd3+ Kb4 54. g6 Bh6 55. Ke4 Kc3 56. Ba6 Bg7 57. Kd5 Kb4 58. Kc6 Ka5 59. Bf1 Be5
60. g7 Bxg7 61. Kxc7 Kb4 62. Kc6 Kc3 63. Kd5 Bh6 64. Ke4 d3 65. Bxd3 {Game drawn
because neither player has mating material} 1/2-1/2

[Event "Team 45 45 League T73"]
[Site "Internet Chess Club"]
[Date "2017.07.09"]
[Round "4"]
[White "Holgate"]
[Black "Grann"]
[Result "0-1"]
[WhiteElo "1951"]
[BlackElo "1943"]
[Opening "Sicilian, Szén, hedgehog variation"]
[ECO "B44"]
[Time "15:01:04"]
[TimeControl "2700+45"]

1. e4 c5 2. Nf3 e6 3. d4 cxd4 4. Nxd4 Nc6 5. Nb5 d6 6. c4 Nf6 7. N1c3 a6 8. Na3
Be7 9. Be2 O-O 10. O-O b6 11. Be3 Bb7 12. Qb3 Nd7 13. Rfd1 Nc5 14. Bxc5 bxc5 15.
Qxb7 Na5 {White resigns} 0-1

[Event "Team 45 45 League T73"]
[Site "Internet Chess Club"]
[Date "2017.07.07"]
[Round "4"]
[White "ANGELLR"]
[Black "laurenpar"]
[Result "0-1"]
[WhiteElo "1795"]
[BlackElo "1942"]
[Opening "Queen's pawn"]
[ECO "A40"]
[Time "20:30:52"]
[TimeControl "2700+45"]

1. d4 e6 2. Nf3 f5 3. c4 Nf6 4. Nc3 Bb4 5. Bg5 h6 6. Bf4 Ne4 7. Rc1 O-O 8. Qb3
Nxc3 9. bxc3 Be7 10. h4 b6 11. e3 Bb7 12. Be2 d6 13. c5 Bd5 14. c4 Be4 15. cxd6
cxd6 16. h5 Nc6 17. Kf1 Kh7 18. Nd2 e5 19. dxe5 dxe5 20. Bg3 Qxd2 21. Rd1 Bxg2+
22. Kxg2 Qxe2 23. Qb5 Rac8 24. Bxe5 Nxe5 25. Qxe5 Qg4+ 26. Kh2 Bf6 27. Qe6 Rce8
28. Qc6 Be5+ 29. f4 Bxf4+ {White resigns} 0-1

[Event "Team 45 45 League T73"]
[Site "Internet Chess Club"]
[Date "2017.07.10"]
[Round "4"]
[White "SlimeDog2"]
[Black "kidcobra"]
[Result "1/2-1/2"]
[WhiteElo "2045"]
[BlackElo "1862"]
[Opening "King's Indian, 3.Nf3"]
[ECO "E90"]
[Time "17:13:19"]
[TimeControl "2700+45"]

1. d4 Nf6 2. Nf3 g6 3. c4 Bg7 4. Nc3 O-O 5. e4 d6 6. h3 e5 7. d5 Na6 8. Bg5 h6
9. Be3 Ne8 10. g4 f5 11. gxf5 gxf5 12. exf5 Bxf5 13. Rg1 Kh7 14. Bd3 Qf6 15. Ne4
Bxe4 16. Bxe4+ Kh8 17. Rg6 Qe7 18. Bxh6 Rf6 19. Bxg7+ Nxg7 20. Qd2 Rf4 21. Rh6+
Kg8 22. Bh7+ Kf8 23. Ke2 Qf7 24. Qe3 Nf5 25. Bxf5 Qxf5 26. Rh8+ Ke7 27. Rxa8 Re4
28. Rg1 Rxe3+ 29. fxe3 Qc2+ 30. Nd2 Nc5 31. Rh8 Qd3+ 32. Kd1 Ne4 33. Rh7+ Kf8
34. Rh8+ Kf7 35. Rh7+ Kf8 36. Rh8+ Kf7 37. Rh7+ {Game drawn by mutual agreement}
1/2-1/2

[Event "Team 45 45 League T73"]
[Site "Internet Chess Club"]
[Date "2017.07.05"]
[Round "4"]
[White "CaptK"]
[Black "searchforbobby1"]
[Result "0-1"]
[WhiteElo "1775"]
[BlackElo "1991"]
[Opening "Dutch defense, Rubinstein variation"]
[ECO "A40"]
[Time "22:17:38"]
[TimeControl "2700+45"]

1. d4 e6 2. c4 f5 3. Nc3 Nf6 4. f3 Bb4 5. Bd2 O-O 6. Qc2 c5 7. a3 Bxc3 8. bxc3
d6 9. e4 fxe4 10. fxe4 Ng4 11. Nh3 Nc6 12. d5 exd5 13. cxd5 Nce5 14. O-O-O Qa5
15. Qa2 Bd7 16. Be2 Nf2 17. Nxf2 Rxf2 18. Rde1 c4 19. g3 Ba4 20. Bxc4 Rc8 21.
Be2 Qb6 22. Qb1 Qd4 23. Qb4 Nd3+ 24. Bxd3 Qxd3 25. Qb2 Rxd2 {White resigns} 0-1

[Event "Team 45 45 League T73"]
[Site "Internet Chess Club"]
[Date "2017.07.09"]
[Round "4"]
[White "ChessHouston"]
[Black "jjfchess"]
[Result "1-0"]
[WhiteElo "1672"]
[BlackElo "1591"]
[Opening "Sicilian: Boleslavsky variation, 7.Nb3"]
[ECO "B59"]
[Time "19:03:53"]
[TimeControl "2700+45"]

1. e4 c5 2. Nf3 d6 3. d4 cxd4 4. Nxd4 Nf6 5. Nc3 Nc6 6. Be2 e5 7. Nb3 Be7 8. Be3
O-O 9. g4 Be6 10. g5 Nd7 11. h4 Nc5 12. Qd2 a5 13. Rd1 a4 14. Nxc5 dxc5 15. Nd5
Bxd5 16. exd5 Nd4 17. c3 Qxd5 18. Rg1 Nf3+ 19. Bxf3 Qxf3 20. Qd5 Qf5 21. Qxb7
Rfe8 22. Qd7 Qe4 23. h5 Rad8 24. Qg4 Qc2 25. g6 Rxd1+ 26. Qxd1 Qxd1+ 27. Kxd1
hxg6 28. hxg6 f5 29. Bg5 Bd6 30. Kc2 c4 31. b3 cxb3+ 32. axb3 axb3+ 33. Kxb3 Re6
34. Bh4 e4 35. Kc4 Bc7 36. Kd5 Rd6+ 37. Kc5 Ra6 38. c4 Kf8 39. Kb5 Re6 40. c5
Ke8 41. Ra1 Rxg6 42. Ra8+ Kd7 43. Rg8 Be5 44. Rf8 Bf6 45. c6+ Kc7 46. Rf7+ Kc8
47. Bxf6 Rxf6 48. Rxg7 f4 49. Kb6 Rf8 50. Ra7 Kd8 51. Ra8+ Ke7 52. Rxf8 Kxf8 53.
c7 {Black resigns} 1-0

[Event "Team 45 45 League T73"]
[Site "Internet Chess Club"]
[Date "2017.07.09"]
[Round "4"]
[White "zepled37"]
[Black "Ajolote"]
[Result "1-0"]
[WhiteElo "1706"]
[BlackElo "1755"]
[Opening "Sicilian: Nimzovich-Rossolimo attack (without ...d6)"]
[ECO "B30"]
[Time "18:03:06"]
[TimeControl "2700+45"]

1. e4 c5 2. Nf3 Nc6 3. Bb5 d6 4. O-O Bd7 5. Re1 e5 6. c3 Nf6 7. h3 Be7 8. d3 a6
9. Ba4 b5 10. Bc2 O-O 11. Nbd2 Rc8 12. Nf1 Na5 13. d4 cxd4 14. cxd4 exd4 15.
Nxd4 Nc6 16. Nf5 Bxf5 17. exf5 d5 18. Nd2 Qb6 19. Nf3 Bc5 20. Re2 h6 21. Be3 d4
22. Bf4 Nd5 23. Bg3 Ndb4 24. f6 g6 25. Qd2 Kh7 26. Re4 Nxc2 27. Qxh6+ {Black
resigns} 1-0

[Event "Team 45 45 League T73"]
[Site "Internet Chess Club"]
[Date "2017.07.08"]
[Round "4"]
[White "fireball"]
[Black "justice02"]
[Result "1-0"]
[WhiteElo "1584"]
[BlackElo "1646"]
[Opening "French: classical"]
[ECO "C13"]
[Time "09:10:06"]
[TimeControl "2700+45"]

1. e4 e6 2. d4 d5 3. Nc3 Nf6 4. Bg5 Be7 5. f4 dxe4 6. Nge2 Nd5 7. Nxe4 Bxg5 8.
Nxg5 Nxf4 9. Nxf7 Nxg2+ 10. Bxg2 Kxf7 11. Rf1+ Ke8 12. Ng3 Rf8 13. Qh5+ g6 14.
Rxf8+ Kxf8 15. Qxh7 Qxd4 16. Rd1 Qe5+ 17. Ne2 Nd7 18. Bxb7 Bxb7 19. Rxd7 Qf6 20.
Rxc7 Ba6 21. Rc3 Rd8 22. Qxa7 Bxe2 23. Qc5+ Kg7 24. Kxe2 Rd5 25. Qc7+ Kg8 26.
Qg3 e5 27. Rc8+ Kg7 28. Qh3 Qa6+ 29. c4 Rd4 30. Qh8+ Kf7 31. Qf8+ Ke6 32. Re8+
Kd7 33. Qf7+ Kc6 34. Re6+ Rd6 35. Rxd6+ Kxd6 36. Qf6+ {Black resigns} 1-0

[Event "Team 45 45 League T73"]
[Site "Internet Chess Club"]
[Date "2017.07.08"]
[Round "4"]
[White "Grenadier"]
[Black "Skeptic1972"]
[Result "1-0"]
[WhiteElo "1605"]
[BlackElo "1426"]
[Opening "French: advance, Milner-Barry gambit"]
[ECO "C02"]
[Time "12:02:06"]
[TimeControl "2700+45"]

1. e4 e6 2. d4 d5 3. e5 c5 4. c3 Nc6 5. Nf3 Qb6 6. Bd3 cxd4 7. cxd4 Bd7 8. O-O
Nge7 9. Nc3 Nxd4 10. Nxd4 Qxd4 11. Nb5 Qxe5 12. Re1 Qb8 13. Qf3 Bxb5 14. Bxb5+
Nc6 15. Qxd5 Qd6 16. Qf3 O-O-O 17. Bf4 Qd5 18. Bxc6 bxc6 19. Qe3 Bc5 20. Qe2 Kb7
21. b4 Bb6 22. a4 Qd4 23. Be3 Qd3 24. Qf3 Rhf8 25. b5 Qd5 26. bxc6+ Qxc6 27. Qg3
g6 28. Rec1 Qd5 29. Rab1 Ka8 30. h4 Bxe3 31. Qxe3 Rb8 32. Rxb8+ Rxb8 33. g3 Qb3
34. Qd4 Qb2 35. Qe4+ Qb7 36. Qc4 h5 37. a5 Qb5 38. Qc7 Qb7 39. Qf4 Rc8 40. Rxc8+
Qxc8 41. Qxf7 Qc1+ 42. Kh2 Qe1 43. a6 Qe4 44. Qe8# {Black checkmated} 1-0

[Event "Team 45 45 League T73"]
[Site "Internet Chess Club"]
[Date "2017.07.09"]
[Round "4"]
[White "nidusin2"]
[Black "GoIrish"]
[Result "1-0"]
[WhiteElo "1535"]
[BlackElo "1521"]
[Opening "Queen's pawn: London system"]
[ECO "A45"]
[Time "07:00:28"]
[TimeControl "2700+45"]

1. d4 Nf6 2. Bf4 g6 3. Nc3 Bg7 4. e4 d6 5. Qd2 O-O 6. h4 h5 7. Nf3 Nbd7 8. O-O-O
a6 9. Bh6 Ng4 10. Bxg7 Kxg7 11. Ng5 e5 12. Bc4 b5 13. Bd5 Rb8 14. f3 Ngf6 15.
dxe5 Nxe5 16. f4 Nc4 17. Bxc4 bxc4 18. Qd4 Bd7 19. e5 dxe5 20. fxe5 c5 21. exf6+
Kg8 22. Qxd7 Qb6 23. b3 cxb3 24. cxb3 Qb4 25. Qd2 c4 26. Nd5 Qa3+ 27. Qb2 Qc5
28. b4 Qb5 29. Ne7+ Kh8 30. Rd5 Qb6 31. a3 Qe3+ 32. Kb1 c3 33. Qc2 a5 34. Rxa5
Rbd8 35. Nd5 Qd2 36. Rd1 {Black resigns} 1-0

[Event "Team 45 45 League T73"]
[Site "Internet Chess Club"]
[Date "2017.07.10"]
[Round "4"]
[White "GrandUnified"]
[Black "tuotuo123"]
[Result "1-0"]
[WhiteElo "1584"]
[BlackElo "1452"]
[Opening "Sicilian: Najdorf, Byrne (English) attack"]
[ECO "B90"]
[Time "20:19:36"]
[TimeControl "2700+45"]

1. e4 c5 2. Nf3 d6 3. d4 cxd4 4. Nxd4 Nf6 5. Nc3 a6 6. Be3 e5 7. Nb3 Be7 8. f3
O-O 9. Qd2 Be6 10. Be2 Nbd7 11. h4 Rc8 12. h5 Ne8 13. O-O-O f5 14. exf5 Rxf5 15.
Bd3 Rg5 16. Ne4 Rf5 17. h6 g6 18. Nf2 Rg5 19. g4 e4 20. Nxe4 Rd5 21. Nc3 Re5 22.
Rdg1 g5 23. f4 gxf4 24. Bxf4 Bg5 25. Rh5 Bxf4 26. Qxf4 Nef6 27. Rg5+ Kh8 28. Rg7
Qb6 29. Qf1 Qe3+ 30. Kb1 Qxh6 31. Re7 Bxb3 32. Rxe5 dxe5 33. axb3 Qf4 34. Qh3 e4
35. Bc4 b5 36. Be6 b4 37. Nd1 Qd2 38. Ne3 Qf2 39. Rh1 Qf3 40. g5 Qxh3 41. Rxh3
Rc6 42. Bf5 Rd6 43. gxf6 Nxf6 44. c4 bxc3 45. bxc3 Kg7 46. Kc2 h6 47. Bxe4 Nxe4
48. Nf5+ Kg6 49. Nxd6 Nxd6 50. c4 h5 51. Kc3 Kg5 52. Kb4 Nb7 53. c5 a5+ 54. Kb5
Kg4 55. Rh1 h4 56. c6 Nd6+ 57. Kxa5 Kg3 58. b4 h3 59. b5 Kg2 60. Ra1 h2 61. b6
Nc4+ 62. Ka6 Ne3 63. c7 Nf1 64. Ra2+ Kf3 65. Rxh2 Nxh2 66. c8=Q {Black resigns}
1-0

[Event "Team 45 45 League T73"]
[Site "Internet Chess Club"]
[Date "2017.07.08"]
[Round "4"]
[White "kwen2008"]
[Black "servantofyhwh28"]
[Result "0-1"]
[WhiteElo "1587"]
[BlackElo "1576"]
[Opening "Caro-Kann: advance variation"]
[ECO "B12"]
[Time "12:16:45"]
[TimeControl "2700+45"]

1. e4 c6 2. d4 d5 3. e5 Bf5 4. Nf3 e6 5. Nc3 Nd7 6. Be2 Ne7 7. O-O a6 8. Bg5 c5
9. Qd2 Qc7 10. Rad1 Nc6 11. dxc5 Nxc5 12. Bf4 Rd8 13. Be3 Ne4 14. Nxe4 dxe4 15.
Nd4 Nxd4 16. Bxd4 Be7 17. c3 O-O 18. Qe3 Qc6 19. Rd2 Rd7 20. Rfd1 h6 21. Qg3
Rfd8 22. Be3 Rxd2 23. Rxd2 Rxd2 24. Bxd2 g5 25. h4 Qd7 26. Be3 Qd8 27. hxg5 hxg5
28. Bg4 Kf8 29. Qh3 Kg7 30. Bxf5 exf5 31. Qxf5 Qd1+ 32. Kh2 Qh5+ 33. Qh3 Qxh3+
34. Kxh3 Kg6 35. Kg4 b5 36. f3 exf3 37. gxf3 a5 38. f4 gxf4 39. Kxf4 a4 40. b3
axb3 41. axb3 f5 42. exf6 Kxf6 43. Bd4+ Ke6 44. b4 Kd5 45. Ke3 Kc4 46. Ke4 Bh4
47. Ke3 Be1 48. Ke2 Bxc3 49. Bxc3 Kxc3 50. Kd1 Kxb4 51. Kd2 Kb3 52. Kc1 Ka2 53.
Kc2 b4 54. Kc1 b3 55. Kd2 b2 56. Ke3 b1=Q 57. Kd4 Qc2 58. Ke5 Qa4 59. Kd5 Kb3
60. Ke5 Qc4 61. Kd6 Qb5 62. Ke7 Kc4 63. Kd6 Qc5+ 64. Kd7 Qb6 65. Ke8 Qb7 66. Kf8
Kd5 67. Ke8 Ke6 68. Kd8 Qd7# {White checkmated} 0-1

[Event "Team 45 45 League T73"]
[Site "Internet Chess Club"]
[Date "2017.07.09"]
[Round "4"]
[White "Demachaeron"]
[Black "skywise"]
[Result "1-0"]
[WhiteElo "1601"]
[BlackElo "1455"]
[Opening "Grünfeld: modern exchange variation"]
[ECO "D90"]
[Time "21:00:49"]
[TimeControl "2700+45"]

1. d4 Nf6 2. c4 g6 3. Nc3 d5 4. Nf3 Bg7 5. cxd5 Nxd5 6. e4 Nxc3 7. bxc3 c5 8.
Be3 O-O 9. Qd2 Qa5 10. Rb1 a6 11. Bc4 Rd8 12. h3 e6 13. Rd1 Nc6 14. O-O b5 15.
Be2 b4 16. cxb4 Nxb4 17. Qc3 cxd4 18. Bxd4 Bxd4 19. Nxd4 Qb6 20. a3 e5 21. Nf3
Rxd1 22. Rxd1 Nc6 23. Nxe5 Nxe5 24. Qxe5 Be6 25. Rd6 Qc7 26. Qd4 Qc1+ 27. Kh2
Qxa3 28. f4 a5 29. h4 a4 30. h5 Qa2 31. h6 Kf8 32. Rd8+ Ke7 33. Qd6+ Kf6 34. e5+
Kf5 35. Bd3+ Kxf4 36. Rxa8 Bd5 37. e6+ Ke3 38. Qg3+ Kd2 39. Qf2+ Kxd3 40. Qxa2
Bxa2 41. e7 {Black resigns} 1-0

[Event "Team 45 45 League T73"]
[Site "Internet Chess Club"]
[Date "2017.07.06"]
[Round "4"]
[White "dinosaurchess"]
[Black "kanishka"]
[Result "0-1"]
[WhiteElo "1330"]
[BlackElo "1656"]
[Opening "Caro-Kann: Tartakower (Nimzovich) variation"]
[ECO "B15"]
[Time "23:00:53"]
[TimeControl "2700+45"]

1. e4 c6 2. d4 d5 3. Nd2 dxe4 4. Nxe4 Nf6 5. Nxf6+ exf6 6. Nf3 Be6 7. Bf4 Bd6 8.
Bxd6 Qxd6 9. g3 Nd7 10. Bg2 g5 11. c3 h5 12. Qe2 O-O-O 13. O-O h4 14. Qe4 Bd5
15. Qd3 hxg3 16. fxg3 Qf8 17. Rf2 Qh6 18. a3 Be6 19. Re1 f5 20. h3 Nf6 21. Qe3
f4 22. Qe5 Rd5 23. Qe2 fxg3 24. Rff1 Bxh3 25. Bxh3+ Qxh3 26. Qg2 g4 27. Ne5 Qh2+
28. Qxh2 gxh2+ 29. Kh1 Nh5 30. Kxh2 Nf4+ 31. Kg3 Ne6 32. Nxf7 Re8 33. Kxg4 Rd7
34. Kh4 Ree7 35. Ng5 Nxg5 36. Rxe7 Rxe7 37. Kxg5 Rg7+ 38. Kh6 Rg2 39. b4 Ra2 40.
Rf8+ Kc7 41. Rf7+ Kb6 42. c4 Rxa3 43. c5+ Ka6 44. b5+ cxb5 45. d5 Rd3 46. d6 b4
47. Rf6 Kb5 48. Rf8 Kxc5 49. Rc8+ Kb5 50. Rd8 a5 51. Kg7 b3 52. Kf7 b2 53. Ke7
b1=Q 54. Rb8 Qe1+ 55. Kd7 Rxd6+ 56. Kxd6 Qg3+ 57. Kd5 Qxb8 58. Ke4 Kc4 59. Kf5
Qe8 60. Kf4 Kd3 61. Kf5 a4 62. Kf4 a3 63. Kf5 Kd4 64. Kf6 a2 65. Kf5 a1=Q 66.
Kf4 Qf1+ 67. Kg4 Qg8+ 68. Kh4 Qh1# {White checkmated} 0-1

[Event "Team 45 45 League T73"]
[Site "Internet Chess Club"]
[Date "2017.07.09"]
[Round "4"]
[White "RD1974"]
[Black "VictorRed"]
[Result "0-1"]
[WhiteElo "1575"]
[BlackElo "1714"]
[Opening "Bishop's opening: Berlin defense"]
[ECO "C24"]
[Time "19:30:36"]
[TimeControl "2700+45"]

1. e4 e5 2. Bc4 Nf6 3. d3 Bc5 4. Nf3 d6 5. Bg5 Bg4 6. Nc3 Nbd7 7. h3 Be6 8. Nd5
c6 9. Ne3 Qb6 10. O-O d5 11. Bb3 h6 12. Bxf6 gxf6 13. exd5 cxd5 14. Bxd5 Bxe3
15. Bxe6 Bxf2+ 16. Rxf2 Qxe6 17. Nd2 O-O-O 18. Qf3 Rhg8 19. Ne4 Rg6 20. b4 Qb6
21. c4 Rdg8 22. Kh1 Qxb4 23. c5 Nxc5 24. Rc1 b6 25. Nd6+ Kd7 26. Qd5 Qd4 27.
Qxf7+ Kxd6 28. Rxf6+ Rxf6 29. Qxf6+ Ne6 30. Rc6+ Kxc6 31. Qxe6+ Kc5 32. Qxg8
Qxd3 33. Qc8+ Kd4 34. Qd7+ Ke3 35. Qxa7 Qb1+ 36. Kh2 e4 37. Qh7 Kf2 38. Qf5+ Ke3
39. Qf6 h5 40. Qg5+ Kd4 41. a4 e3 42. Qf4+ Qe4 43. Qd6+ Kc4 44. Qc7+ Kb4 45.
Qxb6+ Kxa4 46. Qa6+ Kb4 47. Qe2 h4 48. g4 Qf4+ 49. Kg1 Qg3+ 50. Kf1 Qxh3+ 51.
Ke1 Qh1+ 52. Qf1 Qxf1+ 53. Kxf1 h3 54. g5 h2 55. Kg2 e2 56. g6 e1=Q 57. g7 h1=Q#
{White checkmated} 0-1

[Event "Team 45 45 League T73"]
[Site "Internet Chess Club"]
[Date "2017.07.07"]
[Round "4"]
[White "armand068new"]
[Black "julesraider"]
[Result "1-0"]
[WhiteElo "1597"]
[BlackElo "1564"]
[Opening "King's Indian defense, 3.Nc3"]
[ECO "E61"]
[Time "17:02:51"]
[TimeControl "2700+45"]

1. d4 Nf6 2. c4 g6 3. Nc3 Bg7 4. Bf4 O-O 5. e3 d6 6. Bd3 Nbd7 7. Nge2 b6 8. O-O
Bb7 9. Bg3 Nh5 10. Bh4 c5 11. d5 Ne5 12. f4 Nxd3 13. Qxd3 Qd7 14. f5 Be5 15. g4
Nf6 16. h3 Kg7 17. Nd4 e6 18. fxe6 Qe7 19. Ne4 h6 20. Nxf6 Qc7 21. Nb5 Qc8 22.
Nd7 g5 23. Nxf8 Qxf8 24. Rxf7+ Qxf7 25. exf7 Kxf7 26. Qh7+ Ke8 27. Qxb7 Rd8 28.
Nc7+ {Black resigns} 1-0

[Event "Team 45 45 League T73"]
[Site "Internet Chess Club"]
[Date "2017.07.09"]
[Round "4"]
[White "losscause"]
[Black "Andressa"]
[Result "1/2-1/2"]
[WhiteElo "1445"]
[BlackElo "1434"]
[Opening "Torre attack (Tartakower variation)"]
[ECO "D03"]
[Time "18:06:51"]
[TimeControl "2700+45"]

1. d4 d5 2. Nf3 Nf6 3. Bg5 Nbd7 4. e3 e6 5. Nbd2 h6 6. Bh4 Be7 7. Bd3 O-O 8. O-O
c5 9. c3 c4 10. Bc2 Qc7 11. e4 Bd8 12. e5 Nh7 13. Bxd8 Qxd8 14. b3 b5 15. a4
cxb3 16. Nxb3 bxa4 17. Rxa4 Nb6 18. Ra2 Ng5 19. Nxg5 Qxg5 20. f4 Qe7 21. Rf3 f5
22. Qd3 Qh4 23. Ra1 Nc4 24. Nc5 Rf7 25. Bb3 Nb6 26. c4 dxc4 27. Bxc4 Nxc4 28.
Qxc4 Qe7 29. d5 exd5 30. Qxd5 Bb7 31. Nxb7 Qxb7 32. Qxb7 Rxb7 33. Rfa3 g5 34. g3
{Game drawn by mutual agreement} 1/2-1/2